 Dungeon Crawl Stone Soup version 0.31-a0-221-gbddc013574 (webtiles) character file.

Game seed: 2014226956419516941

82336 qw the Severer (level 15, -14/96 HPs)
             Began as a Gargoyle Fighter on July 3, 2023.
             Was an Elder of Okawaru.
             Demolished by an orc knight
             ... wielding a +3 battleaxe
              (23 damage)
             ... on level 2 of the Orcish Mines.
             The game lasted 00:12:22 (24333 turns).

qw the Severer (Gargoyle Fighter)                  Turns: 24333, Time: 00:12:22

Health: -14/96     AC: 33    Str: 25    XL:     15   Next: 73%
Magic:  22/22      EV: 10    Int:  9    God:    Okawaru [****..]
Gold:   2354       SH: 20    Dex: 13    Spells: 14/14 levels left

rFire   . . .        Y - +4 war axe (heavy)
rCold   + . .        y - +0 tower shield
rNeg    + . .        k - +0 plate armour
rPois   inf          (helmet restricted)
rElec   +            j - +1 cloak
rCorr   .            q - +2 pair of gloves
SInv    +            r - +1 pair of boots
Will    +....        (no amulet) Stlth
                     m - ring of see invisible
HPRegen 0.36/turn    v - ring of protection from cold
MPRegen 0.18/turn

%: no passive effects
@: about to teleport, heroic, corroded, flying
A: sickness immunity, AC +11, big wings, negative energy resistance 1,
electricity resistance, torment resistance 1, petrification resistance, horns 1,
agile 1, mutation resistance 1
a: Renounce Religion, Heroism, Finesse


You were on level 2 of the Orcish Mines.
You worshipped Okawaru.
Okawaru was greatly pleased with you.
You visited 4 branches of the dungeon, and saw 23 of its levels.
You also visited: Sewer.

You collected 2354 gold pieces.


Innate Abilities, Weirdness & Mutations

You are immune to sickness and miasma.
Your stone body is resilient. (AC +11)
You are immune to poison.
Your large and strong wings let you fly.
You resist negative energy. (rN+)
You are resistant to electric shocks. (rElec)
You are resistant to unholy torment.
You are immune to petrification.
You have a pair of small horns on your head.
You are agile. (Dex +4, Str/Int -1)
You are somewhat resistant to further mutation.


   Skills:
 - Level 12.0(17.0) Fighting
 - Level 16.0(21.0) Axes
 - Level 6.0(11.0) Throwing
 - Level 11.1(16.1) Armour
 - Level 3.0(8.0) Dodging
 + Level 13.0(18.0) Shields
 - Level 10.0 Invocations


You had 14 spell levels left.
You didn't know any spells.
Your spell library was empty.

Inventory:

Hand Weapons
 u - a +3 morningstar
 Y - a +4 heavy war axe (weapon)
Missiles
 c - a silver boomerang (quivered)
 h - 6 boomerangs
Armour
 j - a +1 cloak (worn)
 k - a +0 plate armour (worn)
 q - a +2 pair of gloves (worn)
 r - a +1 pair of boots (worn)
 w - a +4 scale mail of cold resistance
 y - a +0 tower shield (worn)
 z - a +2 chain mail of fire resistance
Jewellery
 l - a ring of protection from fire
 m - a ring of see invisible (left hand)
 o - a ring of protection from fire
 p - a +6 ring of dexterity
 t - a ring of ice
 v - a ring of protection from cold (right hand)
 x - a ring of see invisible
Wands
 B - a wand of digging (7)
Scrolls
 b - 2 scrolls of teleportation
 i - 11 scrolls of identify
Potions
 a - 4 potions of enlightenment
 d - 3 potions of might
 e - a potion of attraction
 f - 6 potions of lignification
 g - 10 potions of curing
 n - 5 potions of heal wounds
 s - 7 potions of mutation
 A - a potion of resistance

Dungeon Overview and Level Annotations

Branches:
Dungeon (15/15)            Temple (1/1) D:4            Lair (5/5) D:11
  Swamp (0/4) Lair:2        Snake (0/4) Lair:2        Slime (0/5) Lair:5
    Orc (2/2) D:12            Elf (0/3) Orc:2        Vaults (0/5) D:14
 Depths (0/4) D:15          Sewer (visited)

Altars:
Ashenzari
Cheibriados
Dithmenos
Elyvilon
Fedhas
Gozag
Hepliaklqana
Kikubaaqudgha
Makhleb
Nemelex Xobeh
Okawaru
Qazlal
Ru
Sif Muna
Trog
Uskayaw
Vehumet
Wu Jian
Xom
Yredelemnul
Zin
The Shining One
Jiyva

Shops:
D:1 [=[

Annotations:
D:3 2 transporters, qw's ghost, amateur GrHs
Orc:1 exclusions: 4 orc knights and 2 orc warlords
Orc:2 Jorgrun; Rupert


Message History

You block the rust devil's attack.
Rupert roars madly and goes into a rage!
Rupert goes berserk!
You barely miss the ice devil.
The ice devil is almost dead.
You slice the orc high priest!!
You kill the orc high priest!
Okawaru accepts your kill.
The red devil disappears in a puff of smoke!
You slash the rust devil! The red devil barely misses you.
You block the ice devil's attack.
Rupert rages.
You block the rust devil's attack.
Your base Shields skill increases to level 13!
You closely miss the ice devil.
The ice devil is almost dead.
You hit the orc knight but do no damage.
You hit the rust devil. You barely miss the orc high priest.
You block the red devil's attack.
The orc high priest hits you but does no damage.
The orc knight hits you with a +1 vampiric long sword!!
The rust devil hits you. The rust devil corrodes you!
You block the red devil's attack.
You closely miss the rust devil. You headbutt the rust devil!
The rust devil is almost dead.
You chop Rupert into pieces!!! You slice the orc high priest!!
You barely miss the orc knight.
Rupert hits you with a +6 heavy great sword!!!
You block the orc knight's attack.
The orc high priest hits you but does no damage.
You block the rust devil's attack.
The red devil hits you but does no damage.
You block the orc knight's attack.
24333 ||| READING 3 scrolls of teleportation.
As you read the scroll of teleportation, it crumbles to dust.
You feel strangely unstable. You block Rupert's attack.
You block the rust devil's attack. You block the red devil's attack.
The orc knight hits you with a +3 battleaxe!!
You die...

.. .o# ..#
...... ##.#.#
#.....
###.#.###
##...44o.##
#..#.o@#..#
##....4@o).##
#...#.oo#...#
##.......)...##
#....#...#....#
#.............#
#....#...#....#
#...^.........#
#....#...#....#
#...........##


You could see Rupert (berserk), 2 orc knights, an orc high priest (strong), an
ice devil (summoned), a rust devil (summoned), a red devil (summoned) and 2 orc
priests.

Vanquished Creatures
  Kirke (Lair:4)
  An orc warlord (Orc:1)
  Azrael (Orc:2)
  4 vault guards (D:14)
  A rakshasa (D:15)
  Harold (Lair:2)
  3 hydras
  Erica (D:11)
  2 catoblepae
  A hydra (shapeshifter) (D:14)
  An anaconda (Lair:5)
  3 centaur warriors
  5 boulder beetles
  5 two-headed ogres
  2 tengu warriors (D:14)
  4 orc high priests (Orc:2)
  Nergalle (D:10)
  Sonja (Lair:2)
  A skyshark (Lair:3)
  A swamp dragon (Lair:4)
  Lodul (D:11)
  3 bog bodies (Lair:2)
  A steelbarb worm (shapeshifter) (D:14)
  A necromancer (D:15)
  5 orc knights
  5 deep elf pyromancers
  8 cyclopes
  4 orc sorcerers
  2 manticores
  5 ugly things
  A naga mage (D:15)
  5 black mambas
  7 cane toads
  Maggie (Lair:2)
  A gargoyle (D:9)
  2 unseen horrors
  An efreet (D:14)
  A centaur skeleton (D:15)
  9 komodo dragons
  A redback zombie (D:15)
  5 rime drakes
  A freezing wraith (D:13)
  A tengu conjurer (D:14)
  3 kobold demonologists
  8 trolls
  10 polar bears
  A raiju (Lair:5)
  Grinder (D:5)
  A raiju (shapeshifter) (D:15)
  9 blink frogs
  7 dream sheep (Lair:4)
  5 wraiths
  13 yaks
  2 humans (Lair:4)
  2 basilisks
  7 wyverns
  2 hogs (Lair:4)
  6 vampire mosquitoes
  2 steam dragons
  7 wargs
  An acid dragon (D:12)
  6 swamp worms (Lair:4)
  23 water moccasins
  20 hell hounds
  15 black bears
  30 orc warriors
  2 ice beasts (D:5)
  A sky beast (D:7)
  2 swamp drakes (Lair:4)
  14 ogres
  29 wolves
  3 phantoms
  13 centaurs
  6 kobold brigands
  13 bullfrogs
  2 gnoll sergeants
  3 scorpions
  31 wights
  13 killer bees
  4 howler monkeys
  9 electric eels
  A lava snake (D:14)
  8 hounds
  3 jellies
  21 orc priests
  3 sleepcaps
  6 iguanas
  13 orc wizards
  A boggart skeleton (D:15)
  23 gnolls
  9 adders
  2 river rats (Sewer)
  3 white imps
  An ufetubus (D:6)
  2 dart slugs
  69 orcs
  16 ball pythons
  7 endoplasms
  6 giant cockroaches
  7 hobgoblins
  13 kobolds
  4 quokkas
  2 bats
  9 frilled lizards
  5 goblins
  19 rats
690 creatures vanquished.

Vanquished Creatures (others)
  A sky beast (D:7)
  A hound (D:11)
  A white imp (D:7)
3 creatures vanquished.

Grand Total: 693 creatures vanquished

Notes
Turn   | Place    | Note
-------+----------+-------------------------------------------
     0 | D:1      | qw the Gargoyle Fighter began the quest for the Orb.
     0 | D:1      | Reached XP level 1. HP: 14/14 MP: 1/1
     0 | D:1      | 0 ||| qw: Version: 0.3-a-40-ge99b1a8
     0 | D:1      | 0 ||| qw: Game counter: 535
     0 | D:1      | 0 ||| qw: Melee chars always use a shield: true
     0 | D:1      | 0 ||| qw: God list: Okawaru
     0 | D:1      | 0 ||| qw: Allow faded altars: false
     0 | D:1      | 0 ||| qw: Do Orc after clearing Dungeon:15 true
     0 | D:1      | 0 ||| qw: Do second Lair branch before Depths: true
     0 | D:1      | 0 ||| qw: Lair rune preference: random
     0 | D:1      | 0 ||| qw: Goals: Normal, Zot:1-4, Slime:5, God:TSO, Crypt,
                  | Tomb, Abyss, Pan, Hells, Win
     0 | D:1      | 0 ||| PLANNING D:1-11
    29 | D:1      | Found Uwnam's Antique Armour Emporium.
    34 | D:1      | 34 ||| SHOPLISTING chain mail (108 gold, have 0).
    34 | D:1      | 34 ||| SHOPLISTING glowing chain mail (180 gold, have 0).
    34 | D:1      | 34 ||| SHOPLISTING pair of boots (108 gold, have 0).
    34 | D:1      | 34 ||| SHOPLISTING plate armour (552 gold, have 0).
    34 | D:1      | 34 ||| SHOPLISTING runed scarf (192 gold, have 0).
   139 | D:1      | Reached skill level 2 in Axes
   166 | D:1      | 166 ||| Stepping ~*~*~tactically~*~*~ (hiding).
   388 | D:1      | Reached XP level 2. HP: 19/19 MP: 2/2
   482 | D:1      | 482 ||| Stepping ~*~*~tactically~*~*~ (stealth).
   508 | D:1      | Found Biofuck's Jewellery Boutique.
   513 | D:1      | 513 ||| SHOPLISTING +5 ring of evasion (360 gold, have 21).
   513 | D:1      | 513 ||| SHOPLISTING amulet of regeneration (300 gold, have
                  | 21).
   513 | D:1      | 513 ||| SHOPLISTING ring of fire (250 gold, have 21).
   513 | D:1      | 513 ||| SHOPLISTING ring of positive energy (200 gold, have
                  | 21).
   513 | D:1      | 513 ||| SHOPLISTING ring of protection from fire (250 gold,
                  | have 21).
   513 | D:1      | 513 ||| SHOPLISTING ring of willpower (250 gold, have 21).
   513 | D:1      | Found Ninogec's Armour Shop.
   522 | D:1      | 522 ||| SHOPLISTING +0 helmet (63 gold, have 21).
   600 | D:1      | Found a faded altar of an unknown god.
   750 | D:1      | Reached skill level 3 in Axes
   838 | D:1      | 838 ||| UPGRADING to +0 chain mail.
   848 | D:1      | 848 ||| DROPPING +0 scale mail.
   849 | D:1      | 849 ||| READING scroll labelled JABLIU WAARICETH.
   850 | D:1      | 850 ||| READING 2 scrolls labelled BYANUE LUCLO.
   851 | D:1      | 851 ||| READING scroll labelled AJI YTHROUGHIUPN.
   852 | D:1      | 852 ||| READING scroll labelled XOIPNEB RAMEE.
   853 | D:1      | 853 ||| READING scroll labelled POURISTRIRGH XIPEHEU.
   854 | D:1      | 854 ||| DRINKING 2 fuming dark potions.
   855 | D:1      | 855 ||| DROPPING scroll of poison.
   889 | D:2      | Reached XP level 3. HP: 20/23 MP: 3/3
   987 | D:2      | 987 ||| Stepping ~*~*~tactically~*~*~ (stealth).
  1256 | D:2      | Reached XP level 4. HP: 28/28 MP: 4/4
  1275 | D:2      | Identified the +8 dagger "Giganenecs" {heavy, rPois}
  1397 | D:2      | 1397 ||| Stepping ~*~*~tactically~*~*~ (stealth).
  1456 | D:2      | Reached skill level 4 in Axes
  1545 | D:2      | 1545 ||| DROPPING scarf of harm.
  1546 | D:2      | 1546 ||| READING scroll labelled NUJOKO CEHIMM.
  1551 | D:2      | 1551 ||| READING scroll labelled YDILOK OJUTHRUJ.
  1552 | D:2      | 1552 ||| READING scroll labelled SIRUB QOTSANLAO.
  1553 | D:2      | 1553 ||| DRINKING 2 purple potions.
  1568 | D:3      | Noticed a black bear
  1568 | D:3      | Found a transporter.
  1573 | D:3      | 1573 ||| STAIRDANCE
  1576 | D:2      | HP: 5/28 [frozen (5)]
  1577 | D:2      | 1577 ||| DRINKING potion of heal wounds.
  1583 | D:2      | Killed a black bear
  1584 | D:2      | Reached skill level 5 in Axes
  1584 | D:2      | Reached XP level 5. HP: 20/32 MP: 5/5
  1635 | D:3      | Noticed qw's ghost (amateur GrHs)
  1736 | D:3      | 1736 ||| Stepping ~*~*~tactically~*~*~ (stealth).
  1802 | D:3      | 1802 ||| DROPPING +0 whip.
  1965 | D:3      | Found a transporter.
  2055 | D:3      | 2055 ||| UPGRADING to ring of see invisible.
  2056 | D:3      | 2056 ||| READING scroll labelled TUODOHAIWU.
  2057 | D:3      | 2057 ||| READING 2 scrolls of identify.
  2057 | D:3      | 2057 ||| IDENTIFYING lumpy pink potion
  2070 | D:4      | 2070 ||| STAIRDANCE
  2073 | D:4      | Reached XP level 6. HP: 28/38 MP: 6/6
  2073 | D:4      | 2073 ||| STAIRDANCE
  2159 | D:4      | 2159 ||| FLEEEEING.
  2160 | D:4      | 2160 ||| FLEEEEING.
  2161 | D:4      | 2161 ||| FLEEEEING.
  2162 | D:4      | 2162 ||| STAIRDANCE
  2254 | D:4      | 2254 ||| Stepping ~*~*~tactically~*~*~ (stealth).
  2359 | D:4      | 2359 ||| Stepping ~*~*~tactically~*~*~ (stealth).
  2389 | D:4      | 2389 ||| Stepping ~*~*~tactically~*~*~ (stealth).
  2467 | D:4      | 2467 ||| FLEEEEING.
  2522 | D:4      | Reached skill level 6 in Axes
  2604 | D:4      | Found a staircase to the Ecumenical Temple.
  2605 | D:4      | 2605 ||| PLANNING TEMPLE
  2605 | D:4      | 2605 ||| UPGRADING to +0 pair of gloves.
  2610 | D:4      | 2610 ||| READING scroll labelled HOXOTU HIFI.
  2618 | Temple   | Entered the Ecumenical Temple
  2630 | Temple   | 2630 ||| PLANNING OKAWARU WORSHIP
  2756 | Temple   | Became a worshipper of Warmaster Okawaru
  2757 | Temple   | 2757 ||| PLANNING D:1-11
  2878 | D:4      | Found an ancient bone altar of Kikubaaqudgha.
  2918 | D:5      | Entered Level 5 of the Dungeon
  2918 | D:5      | Found a glowing drain.
  2919 | D:5      | 2919 ||| PLANNING SEWER
  2919 | D:5      | 2919 ||| STAIRDANCE
  2923 | D:5      | 2923 ||| STAIRDANCE
  2927 | D:5      | 2927 ||| STAIRDANCE
  3010 | D:5      | Noticed Grinder
  3012 | D:5      | 3012 ||| Stepping ~*~*~tactically~*~*~ (water).
  3012 | D:5      | Noticed a water moccasin
  3018 | D:5      | Reached skill level 1 in Dodging
  3018 | D:5      | Reached XP level 7. HP: 28/43 MP: 7/7
  3027 | D:5      | Paralysed by Grinder for 3 turns
  3036 | D:5      | Killed Grinder
  3036 | D:5      | Reached * piety under Okawaru
  3037 | D:5      | Reached skill level 7 in Axes
  3058 | D:5      | 3058 ||| INVOKING Heroism.
  3143 | Sewer    | Entered a sewer
  3171 | Sewer    | 3171 ||| Stepping ~*~*~tactically~*~*~ (water).
  3195 | Sewer    | 3195 ||| Stepping ~*~*~tactically~*~*~ (water).
  3204 | Sewer    | 3204 ||| Stepping ~*~*~tactically~*~*~ (water).
  3278 | Sewer    | 3278 ||| Stepping ~*~*~tactically~*~*~ (water).
  3438 | Sewer    | 3438 ||| READING scroll labelled VOPRIT KUIDD.
  3439 | Sewer    | 3439 ||| READING scroll labelled JAATHR ETTEALU.
  3476 | D:5      | 3476 ||| PLANNING D:1-11
  3521 | D:5      | 3521 ||| Stepping ~*~*~tactically~*~*~ (stealth).
  3522 | D:5      | 3522 ||| Stepping ~*~*~tactically~*~*~ (stealth).
  3533 | D:5      | Reached skill level 1 in Invocations
  3533 | D:5      | Reached XP level 8. HP: 30/48 MP: 8/8
  3533 | D:5      | 3533 ||| INVOKING Heroism.
  3609 | D:5      | 3609 ||| Stepping ~*~*~tactically~*~*~ (stealth).
  3610 | D:5      | 3610 ||| Stepping ~*~*~tactically~*~*~ (hiding).
  3611 | D:5      | 3611 ||| Stepping ~*~*~tactically~*~*~ (hiding).
  3612 | D:5      | 3612 ||| Stepping ~*~*~tactically~*~*~ (hiding).
  3613 | D:5      | 3613 ||| Stepping ~*~*~tactically~*~*~ (hiding).
  3614 | D:5      | 3614 ||| Stepping ~*~*~tactically~*~*~ (hiding).
  3615 | D:5      | 3615 ||| Stepping ~*~*~tactically~*~*~ (hiding).
  3620 | D:5      | 3620 ||| INVOKING Heroism.
  3705 | D:5      | 3705 ||| DROPPING +0 flail.
  3725 | D:5      | 3725 ||| FLEEEEING.
  3726 | D:5      | 3726 ||| FLEEEEING.
  3727 | D:5      | 3727 ||| FLEEEEING.
  3728 | D:5      | 3728 ||| FLEEEEING.
  3729 | D:5      | 3729 ||| FLEEEEING.
  3730 | D:5      | 3730 ||| FLEEEEING.
  3731 | D:5      | 3731 ||| FLEEEEING.
  3732 | D:5      | 3732 ||| FLEEEEING.
  3733 | D:5      | 3733 ||| FLEEEEING.
  3734 | D:5      | 3734 ||| FLEEEEING.
  3735 | D:5      | 3735 ||| Stepping ~*~*~tactically~*~*~ (hiding).
  3736 | D:5      | 3736 ||| Stepping ~*~*~tactically~*~*~ (hiding).
  3737 | D:5      | 3737 ||| Stepping ~*~*~tactically~*~*~ (hiding).
  3738 | D:5      | 3738 ||| Stepping ~*~*~tactically~*~*~ (hiding).
  3753 | D:5      | Reached skill level 8 in Axes
  3800 | D:5      | 3800 ||| Stepping ~*~*~tactically~*~*~ (hiding).
  3870 | D:5      | Reached skill level 3 in Invocations
  3957 | D:5      | 3957 ||| Stepping ~*~*~tactically~*~*~ (stealth).
  4015 | D:5      | 4015 ||| INVOKING Heroism.
  4144 | D:5      | Reached skill level 6 in Fighting
  4294 | D:5      | 4294 ||| UPGRADING to +0 cloak.
  4299 | D:5      | 4299 ||| READING scroll labelled FIAXTER URU.
  4300 | D:5      | 4300 ||| READING 2 scrolls labelled LEESCH YPHEXTY.
  4301 | D:5      | 4301 ||| READING scroll of enchant armour.
  4301 | D:5      | 4301 ||| ENCHANTING +0 pair of gloves.
  4302 | D:5      | 4302 ||| READING 2 scrolls of identify.
  4302 | D:5      | 4302 ||| IDENTIFYING murky amethyst potion
  4356 | D:6      | 4356 ||| READING scroll of enchant weapon.
  4356 | D:6      | 4356 ||| ENCHANTING +1 heavy war axe.
  4393 | D:6      | 4393 ||| Stepping ~*~*~tactically~*~*~ (hiding).
  4410 | D:6      | 4410 ||| Stepping ~*~*~tactically~*~*~ (stealth).
  4413 | D:6      | 4413 ||| Stepping ~*~*~tactically~*~*~ (stealth).
  4486 | D:6      | Reached XP level 9. HP: 55/55 MP: 12/12
  4521 | D:6      | Reached ** piety under Okawaru
  4539 | D:6      | 4539 ||| FLEEEEING.
  4623 | D:6      | 4623 ||| Stepping ~*~*~tactically~*~*~ (hiding).
  4627 | D:6      | Reached skill level 9 in Axes
  4635 | D:6      | 4635 ||| DROPPING +3 flail of protection.
  4656 | D:6      | 4656 ||| Stepping ~*~*~tactically~*~*~ (stealth).
  4667 | D:6      | 4667 ||| INVOKING Heroism.
  4783 | D:6      | 4783 ||| INVOKING Heroism.
  5053 | D:6      | 5053 ||| UPGRADING to +0 helmet.
  5058 | D:6      | 5058 ||| DRINKING 2 fuming green potions.
  5058 | D:6      | Gained mutation: You have a pair of small horns on your
                  | head. [potion of mutation]
  5058 | D:6      | Gained mutation: You are somewhat resistant to further
                  | mutation. [potion of mutation]
  5058 | D:6      | Gained mutation: You are agile. (Dex +4, Str/Int -1)
                  | [potion of mutation]
  5059 | D:6      | 5059 ||| DROPPING +0 helmet.
  5060 | D:6      | 5060 ||| READING 3 scrolls of identify.
  5060 | D:6      | 5060 ||| IDENTIFYING silvery potion
  5061 | D:6      | 5061 ||| READING 2 scrolls of identify.
  5061 | D:6      | 5061 ||| IDENTIFYING ruby potion
  5062 | D:6      | 5062 ||| DROPPING potion of berserk rage.
  5119 | D:7      | 5119 ||| Stepping ~*~*~tactically~*~*~ (stealth).
  5120 | D:7      | 5120 ||| Stepping ~*~*~tactically~*~*~ (stealth).
  5133 | D:7      | 5133 ||| READING scroll of enchant weapon.
  5133 | D:7      | 5133 ||| ENCHANTING +2 heavy war axe.
  5289 | D:7      | 5289 ||| Stepping ~*~*~tactically~*~*~ (hiding).
  5298 | D:7      | 5298 ||| INVOKING Heroism.
  5465 | D:7      | Reached XP level 10. HP: 56/63 MP: 13/13
  5471 | D:7      | Reached skill level 10 in Axes
  5612 | D:7      | 5612 ||| Stepping ~*~*~tactically~*~*~ (hiding).
  5613 | D:7      | 5613 ||| Stepping ~*~*~tactically~*~*~ (hiding).
  5615 | D:7      | 5615 ||| Stepping ~*~*~tactically~*~*~ (hiding).
  5655 | D:7      | 5655 ||| Stepping ~*~*~tactically~*~*~ (stealth).
  5656 | D:7      | 5656 ||| Stepping ~*~*~tactically~*~*~ (stealth).
  5660 | D:7      | Reached *** piety under Okawaru
  5668 | D:7      | 5668 ||| INVOKING Heroism.
  5671 | D:7      | 5671 ||| DRINKING 4 potions of curing.
  5671 | D:7      | 5671 ||| (to cure confusion)
  5702 | D:7      | 5702 ||| Stepping ~*~*~tactically~*~*~ (stealth).
  5731 | D:7      | 5731 ||| INVOKING Heroism.
  5790 | D:7      | 5790 ||| INVOKING Heroism.
  5966 | D:7      | 5966 ||| Stepping ~*~*~tactically~*~*~ (stealth).
  5984 | D:7      | 5984 ||| Stepping ~*~*~tactically~*~*~ (hiding).
  5987 | D:7      | 5987 ||| Stepping ~*~*~tactically~*~*~ (hiding).
  5988 | D:7      | 5988 ||| Stepping ~*~*~tactically~*~*~ (hiding).
  5991 | D:7      | 5991 ||| Stepping ~*~*~tactically~*~*~ (stealth).
  5997 | D:7      | 5997 ||| Stepping ~*~*~tactically~*~*~ (stealth).
  6002 | D:7      | 6002 ||| Stepping ~*~*~tactically~*~*~ (stealth).
  6195 | D:7      | Found a glowing silver altar of Zin.
  6195 | D:7      | Found a shimmering blue altar of Sif Muna.
  6432 | D:7      | 6432 ||| UPGRADING to +0 plate armour.
  6442 | D:7      | 6442 ||| DROPPING +0 chain mail.
  6443 | D:7      | 6443 ||| UPGRADING to ring of protection from cold.
  6444 | D:7      | 6444 ||| READING scroll labelled XEOZXE ABIFATU.
  6545 | D:7      | 6545 ||| READING 3 scrolls of identify.
  6545 | D:7      | 6545 ||| IDENTIFYING blue potion
  6546 | D:7      | 6546 ||| READING 2 scrolls of identify.
  6546 | D:7      | 6546 ||| IDENTIFYING grey potion
  6547 | D:7      | 6547 ||| DROPPING potion of ambrosia.
  6548 | D:7      | 6548 ||| DROPPING potion of brilliance.
  6602 | D:7      | Found an ornate altar of the Wu Jian Council.
  6648 | D:8      | 6648 ||| Stepping ~*~*~tactically~*~*~ (hiding).
  6649 | D:8      | 6649 ||| Stepping ~*~*~tactically~*~*~ (hiding).
  6786 | D:8      | 6786 ||| READING scroll of enchant weapon.
  6786 | D:8      | 6786 ||| ENCHANTING +3 heavy war axe.
  6885 | D:8      | 6885 ||| Stepping ~*~*~tactically~*~*~ (hiding).
  6886 | D:8      | 6886 ||| Stepping ~*~*~tactically~*~*~ (hiding).
  6891 | D:8      | Reached skill level 1 in Throwing
  6891 | D:8      | 6891 ||| Stepping ~*~*~tactically~*~*~ (hiding).
  7085 | D:8      | 7085 ||| Stepping ~*~*~tactically~*~*~ (hiding).
  7283 | D:8      | 7283 ||| Stepping ~*~*~tactically~*~*~ (hiding).
  7290 | D:8      | 7290 ||| INVOKING Heroism.
  7299 | D:8      | 7299 ||| Stepping ~*~*~tactically~*~*~ (hiding).
  7302 | D:8      | Reached skill level 6 in Armour
  7396 | D:8      | 7396 ||| INVOKING Heroism.
  7501 | D:8      | 7501 ||| Stepping ~*~*~tactically~*~*~ (stealth).
  7514 | D:8      | 7514 ||| INVOKING Heroism.
  7729 | D:8      | 7729 ||| READING 2 scrolls of identify.
  7729 | D:8      | 7729 ||| IDENTIFYING fizzy emerald potion
  7730 | D:8      | 7730 ||| DROPPING potion of degeneration.
  7737 | D:8      | 7737 ||| Stepping ~*~*~tactically~*~*~ (hiding).
  8137 | D:9      | 8137 ||| INVOKING Heroism.
  8138 | D:9      | 8138 ||| Stepping ~*~*~tactically~*~*~ (hiding).
  8141 | D:9      | 8141 ||| Stepping ~*~*~tactically~*~*~ (hiding).
  8143 | D:9      | 8143 ||| Stepping ~*~*~tactically~*~*~ (hiding).
  8150 | D:9      | Reached skill level 11 in Axes
  8164 | D:9      | 8164 ||| Stepping ~*~*~tactically~*~*~ (stealth).
  8206 | D:9      | 8206 ||| Stepping ~*~*~tactically~*~*~ (stealth).
  8207 | D:9      | 8207 ||| Stepping ~*~*~tactically~*~*~ (stealth).
  8288 | D:9      | Reached XP level 11. HP: 62/69 MP: 14/14
  8332 | D:9      | Reached skill level 9 in Fighting
  8471 | D:9      | 8471 ||| INVOKING Heroism.
  8735 | D:10     | Entered Level 10 of the Dungeon
  8849 | D:10     | 8849 ||| INVOKING Heroism.
  8971 | D:10     | Noticed Nergalle
  8972 | D:10     | 8972 ||| Stepping ~*~*~tactically~*~*~ (hiding).
  8973 | D:10     | 8973 ||| Stepping ~*~*~tactically~*~*~ (hiding).
  8974 | D:10     | 8974 ||| Stepping ~*~*~tactically~*~*~ (hiding).
  8975 | D:10     | 8975 ||| Stepping ~*~*~tactically~*~*~ (hiding).
  8976 | D:10     | 8976 ||| INVOKING Heroism.
  8989 | D:10     | Killed Nergalle
  8989 | D:10     | Received a gift from Okawaru
  9111 | D:10     | Noticed a two-headed ogre
  9112 | D:10     | 9112 ||| INVOKING Heroism.
  9119 | D:10     | Killed a two-headed ogre
  9212 | D:10     | 9212 ||| Stepping ~*~*~tactically~*~*~ (hiding).
  9213 | D:10     | 9213 ||| Stepping ~*~*~tactically~*~*~ (hiding).
  9228 | D:10     | 9228 ||| INVOKING Heroism.
  9627 | D:11     | 9627 ||| INVOKING Heroism.
  9632 | D:11     | Reached skill level 3 in Throwing
  9673 | D:11     | Noticed a two-headed ogre
  9674 | D:11     | 9674 ||| INVOKING Heroism.
  9680 | D:11     | Killed a two-headed ogre
  9681 | D:11     | Reached skill level 12 in Axes
  9704 | D:11     | 9704 ||| INVOKING Heroism.
  9705 | D:11     | Noticed a cyclops
  9705 | D:11     | You fall into a shaft and drop 1 floor!
  9729 | D:12     | Noticed a brown ugly thing
  9737 | D:12     | 9737 ||| INVOKING Heroism.
  9738 | D:12     | Killed a brown ugly thing
  9822 | D:12     | Noticed a cyclops
  9823 | D:12     | 9823 ||| Stepping ~*~*~tactically~*~*~ (stealth).
  9824 | D:12     | 9824 ||| INVOKING Heroism.
  9831 | D:12     | Killed a cyclops
  9832 | D:12     | Reached skill level 6 in Shields
  9936 | D:12     | 9936 ||| INVOKING Heroism.
 10222 | D:12     | Noticed a cyclops
 10223 | D:12     | 10223 ||| Stepping ~*~*~tactically~*~*~ (hiding).
 10225 | D:12     | 10225 ||| Stepping ~*~*~tactically~*~*~ (hiding).
 10227 | D:12     | 10227 ||| INVOKING Heroism.
 10232 | D:12     | Killed a cyclops
 10233 | D:12     | Reached skill level 9 in Armour
 10548 | D:12     | Found a staircase to the Orcish Mines.
 10550 | D:12     | Noticed a manticore
 10551 | D:12     | 10551 ||| INVOKING Heroism.
 10558 | D:12     | Killed a manticore
 10580 | D:12     | Reached XP level 12. HP: 76/76 MP: 15/15
 10604 | D:11     | 10604 ||| READING 2 scrolls of enchant armour.
 10604 | D:11     | 10604 ||| ENCHANTING +1 pair of gloves.
 10605 | D:11     | 10605 ||| READING scroll of enchant armour.
 10605 | D:11     | 10605 ||| ENCHANTING +0 cloak.
 10644 | D:11     | 10644 ||| Stepping ~*~*~tactically~*~*~ (stealth).
 10646 | D:11     | Noticed Lodul
 10647 | D:11     | 10647 ||| FLEEEEING.
 10648 | D:11     | 10648 ||| FLEEEEING.
 10649 | D:11     | 10649 ||| FLEEEEING.
 10650 | D:11     | 10650 ||| FLEEEEING.
 10658 | D:11     | 10658 ||| INVOKING Heroism.
 10666 | D:11     | Killed Lodul
 10668 | D:11     | 10668 ||| FLEEEEING.
 10669 | D:11     | 10669 ||| FLEEEEING.
 10670 | D:11     | 10670 ||| FLEEEEING.
 10671 | D:11     | 10671 ||| FLEEEEING.
 10672 | D:11     | 10672 ||| FLEEEEING.
 10673 | D:11     | 10673 ||| FLEEEEING.
 10674 | D:11     | 10674 ||| FLEEEEING.
 10675 | D:11     | 10675 ||| FLEEEEING.
 10676 | D:11     | 10676 ||| FLEEEEING.
 10677 | D:11     | 10677 ||| FLEEEEING.
 10678 | D:11     | 10678 ||| FLEEEEING.
 10679 | D:11     | 10679 ||| FLEEEEING.
 10680 | D:11     | 10680 ||| FLEEEEING.
 10681 | D:11     | 10681 ||| FLEEEEING.
 10682 | D:11     | 10682 ||| FLEEEEING.
 10683 | D:11     | 10683 ||| FLEEEEING.
 10684 | D:11     | 10684 ||| FLEEEEING.
 10685 | D:11     | 10685 ||| FLEEEEING.
 10686 | D:11     | 10686 ||| FLEEEEING.
 10687 | D:11     | 10687 ||| FLEEEEING.
 10688 | D:11     | 10688 ||| FLEEEEING.
 10689 | D:11     | 10689 ||| FLEEEEING.
 10690 | D:11     | 10690 ||| FLEEEEING.
 10691 | D:11     | 10691 ||| FLEEEEING.
 10692 | D:11     | 10692 ||| FLEEEEING.
 10693 | D:11     | 10693 ||| FLEEEEING.
 10694 | D:11     | 10694 ||| FLEEEEING.
 10695 | D:11     | 10695 ||| FLEEEEING.
 10696 | D:11     | 10696 ||| FLEEEEING.
 10697 | D:11     | 10697 ||| FLEEEEING.
 10698 | D:11     | 10698 ||| FLEEEEING.
 10699 | D:11     | 10699 ||| FLEEEEING.
 10700 | D:11     | 10700 ||| STAIRDANCE
 10792 | D:10     | 10792 ||| UPGRADING to +0 pair of boots.
 10854 | D:11     | Noticed a boulder beetle
 10855 | D:11     | 10855 ||| INVOKING Heroism.
 10858 | D:11     | Found a staircase to the Lair.
 10863 | D:11     | Killed a boulder beetle
 10876 | D:11     | 10876 ||| INVOKING Heroism.
 10876 | D:11     | HP: 19/77 [electric eel/bolt of electricity (1)]
 10877 | D:11     | 10877 ||| READING 4 scrolls of teleportation.
 10878 | D:11     | 10878 ||| DRINKING 2 potions of heal wounds.
 11065 | D:11     | 11065 ||| INVOKING Heroism.
 11069 | D:11     | Reached skill level 13 in Axes
 11178 | D:11     | Noticed Erica
 11179 | D:11     | 11179 ||| Stepping ~*~*~tactically~*~*~ (hiding).
 11184 | D:11     | 11184 ||| INVOKING Heroism.
 11189 | D:11     | Killed Erica
 11236 | D:11     | 11236 ||| INVOKING Heroism.
 11507 | D:11     | 11507 ||| PLANNING LAIR
 11541 | Lair:1   | Entered Level 1 of the Lair of Beasts
 11657 | Lair:1   | 11657 ||| INVOKING Heroism.
 11742 | Lair:1   | You fall into a shaft and drop 1 floor!
 11779 | Lair:1   | 11779 ||| INVOKING Heroism.
 12113 | Lair:1   | 12113 ||| Stepping ~*~*~tactically~*~*~ (stealth).
 12114 | Lair:1   | 12114 ||| Stepping ~*~*~tactically~*~*~ (stealth).
 12117 | Lair:1   | Reached skill level 3 in Dodging
 12136 | Lair:1   | 12136 ||| Stepping ~*~*~tactically~*~*~ (stealth).
 12146 | Lair:1   | 12146 ||| INVOKING Heroism.
 12218 | Lair:1   | 12218 ||| Stepping ~*~*~tactically~*~*~ (stealth).
 12220 | Lair:1   | 12220 ||| Stepping ~*~*~tactically~*~*~ (stealth).
 12224 | Lair:1   | 12224 ||| INVOKING Heroism.
 12412 | Lair:2   | Reached **** piety under Okawaru
 12415 | Lair:2   | 12415 ||| INVOKING Heroism.
 12695 | Lair:2   | Identified the +11 rapier of Vapyof {distort, rN+ Stlth+}
 12708 | Lair:2   | Noticed Sonja
 12717 | Lair:2   | Killed Sonja
 12758 | Lair:2   | 12758 ||| Stepping ~*~*~tactically~*~*~ (stealth).
 12759 | Lair:2   | 12759 ||| INVOKING Heroism.
 12834 | Lair:2   | Received a gift from Okawaru
 12872 | Lair:2   | 12872 ||| Stepping ~*~*~tactically~*~*~ (stealth).
 12873 | Lair:2   | 12873 ||| Stepping ~*~*~tactically~*~*~ (stealth).
 12937 | Lair:2   | Found a staircase to the Snake Pit.
 12951 | Lair:2   | 12951 ||| Stepping ~*~*~tactically~*~*~ (stealth).
 12953 | Lair:2   | 12953 ||| INVOKING Heroism.
 12962 | Lair:2   | Reached XP level 13. HP: 77/82 MP: 15/17
 13026 | Lair:2   | 13026 ||| Stepping ~*~*~tactically~*~*~ (stealth).
 13129 | Lair:2   | 13129 ||| Stepping ~*~*~tactically~*~*~ (stealth).
 13137 | Lair:2   | Reached skill level 14 in Axes
 13137 | Lair:2   | Reached skill level 6 in Invocations
 13149 | Lair:2   | Noticed Maggie
 13149 | Lair:2   | Noticed Harold
 13150 | Lair:2   | 13150 ||| INVOKING Heroism.
 13155 | Lair:2   | Killed Harold
 13159 | Lair:2   | Killed Maggie
 13316 | Lair:2   | 13316 ||| READING scroll of enchant armour.
 13316 | Lair:2   | 13316 ||| ENCHANTING +0 pair of boots.
 13683 | Lair:2   | Found a staircase to the Swamp.
 13690 | Lair:2   | Reached ***** piety under Okawaru
 14008 | Lair:3   | 14008 ||| INVOKING Heroism.
 14145 | Lair:3   | 14145 ||| Stepping ~*~*~tactically~*~*~ (stealth).
 14154 | Lair:3   | 14154 ||| INVOKING Heroism.
 14320 | Lair:3   | 14320 ||| INVOKING Heroism.
 14371 | Lair:3   | Identified the +1 leather armour of the Eleven Tables {rC+}
 15008 | Lair:4   | 15008 ||| INVOKING Heroism.
 15017 | Lair:4   | Noticed Kirke
 15017 | Lair:4   | 15017 ||| INVOKING Finesse.
 15041 | Lair:4   | Killed Kirke
 15044 | Lair:4   | Received a gift from Okawaru
 15199 | Lair:4   | 15199 ||| Stepping ~*~*~tactically~*~*~ (hiding).
 15200 | Lair:4   | 15200 ||| Stepping ~*~*~tactically~*~*~ (hiding).
 15201 | Lair:4   | 15201 ||| Stepping ~*~*~tactically~*~*~ (hiding).
 15202 | Lair:4   | 15202 ||| INVOKING Heroism.
 15204 | Lair:4   | 15204 ||| INVOKING Finesse.
 15207 | Lair:4   | 15207 ||| SWAPPING to +3 morningstar.
 15213 | Lair:4   | 15213 ||| SWAPPING to +4 heavy war axe.
 15221 | Lair:4   | 15221 ||| Stepping ~*~*~tactically~*~*~ (stealth).
 15225 | Lair:4   | 15225 ||| Stepping ~*~*~tactically~*~*~ (stealth).
 15231 | Lair:4   | 15231 ||| Stepping ~*~*~tactically~*~*~ (stealth).
 15246 | Lair:4   | 15246 ||| Stepping ~*~*~tactically~*~*~ (stealth).
 15247 | Lair:4   | 15247 ||| Stepping ~*~*~tactically~*~*~ (stealth).
 15354 | Lair:4   | Reached skill level 9 in Invocations
 15385 | Lair:4   | Received a gift from Okawaru
 16004 | Lair:4   | 16004 ||| INVOKING Heroism.
 16014 | Lair:4   | 16014 ||| Stepping ~*~*~tactically~*~*~ (hiding).
 16033 | Lair:4   | 16033 ||| INVOKING Heroism.
 16034 | Lair:4   | Received a gift from Okawaru
 16167 | Lair:4   | 16167 ||| INVOKING Heroism.
 16168 | Lair:4   | 16168 ||| Stepping ~*~*~tactically~*~*~ (water).
 16169 | Lair:4   | 16169 ||| SWAPPING to +3 morningstar.
 16177 | Lair:4   | 16177 ||| SWAPPING to +4 heavy war axe.
 16308 | Lair:4   | Identified the +0 demon blade of Tuurgh {protect, rC+}
 16467 | Lair:4   | 16467 ||| DROPPING ring of fire.
 16499 | Lair:5   | Entered Level 5 of the Lair of Beasts
 16500 | Lair:5   | 16500 ||| INVOKING Heroism.
 16660 | Lair:5   | 16660 ||| INVOKING Heroism.
 16695 | Lair:5   | 16695 ||| Stepping ~*~*~tactically~*~*~ (stealth).
 16820 | Lair:5   | Found a viscous altar of Jiyva.
 16820 | Lair:5   | Found a staircase to the Slime Pits.
 16826 | Lair:5   | 16826 ||| Stepping ~*~*~tactically~*~*~ (stealth).
 16845 | Lair:5   | 16845 ||| INVOKING Heroism.
 16857 | Lair:5   | Received a gift from Okawaru
 16858 | Lair:5   | Gained mutation: Your large and strong wings let you fly.
                  | [Gargoyle growth]
 16858 | Lair:5   | Reached XP level 14. HP: 82/90 MP: 21/21
 16875 | Lair:5   | 16875 ||| INVOKING Heroism.
 16987 | Lair:5   | Identified the +1 great sword of Ascent {heavy, MP+9 SInv}
 17043 | Lair:5   | 17043 ||| Stepping ~*~*~tactically~*~*~ (hiding).
 17171 | Lair:5   | 17171 ||| Stepping ~*~*~tactically~*~*~ (stealth).
 17175 | Lair:5   | 17175 ||| Stepping ~*~*~tactically~*~*~ (stealth).
 17266 | Lair:5   | 17266 ||| Stepping ~*~*~tactically~*~*~ (stealth).
 17272 | Lair:5   | 17272 ||| Stepping ~*~*~tactically~*~*~ (hiding).
 17277 | Lair:5   | Received a gift from Okawaru
 17329 | Lair:5   | 17329 ||| INVOKING Heroism.
 17543 | Lair:5   | Reached skill level 6 in Throwing
 17557 | Lair:5   | 17557 ||| INVOKING Heroism.
 17573 | Lair:5   | 17573 ||| Stepping ~*~*~tactically~*~*~ (hiding).
 17574 | Lair:5   | 17574 ||| Stepping ~*~*~tactically~*~*~ (hiding).
 17608 | Lair:5   | 17608 ||| Stepping ~*~*~tactically~*~*~ (stealth).
 17609 | Lair:5   | 17609 ||| Stepping ~*~*~tactically~*~*~ (stealth).
 17644 | Lair:5   | 17644 ||| Stepping ~*~*~tactically~*~*~ (stealth).
 17654 | Lair:5   | 17654 ||| Stepping ~*~*~tactically~*~*~ (stealth).
 17662 | Lair:5   | Reached skill level 15 in Axes
 17666 | Lair:5   | 17666 ||| INVOKING Heroism.
 17719 | Lair:5   | 17719 ||| Stepping ~*~*~tactically~*~*~ (stealth).
 17752 | Lair:5   | 17752 ||| Stepping ~*~*~tactically~*~*~ (stealth).
 17771 | Lair:5   | 17771 ||| INVOKING Heroism.
 17804 | Lair:5   | 17804 ||| Stepping ~*~*~tactically~*~*~ (hiding).
 17861 | Lair:5   | 17861 ||| Stepping ~*~*~tactically~*~*~ (stealth).
 17877 | Lair:5   | 17877 ||| INVOKING Heroism.
 17885 | Lair:5   | 17885 ||| Stepping ~*~*~tactically~*~*~ (stealth).
 17993 | Lair:5   | 17993 ||| Stepping ~*~*~tactically~*~*~ (stealth).
 18004 | Lair:5   | 18004 ||| Stepping ~*~*~tactically~*~*~ (stealth).
 18217 | Lair:5   | 18217 ||| PLANNING D
 18217 | Lair:5   | 18217 ||| DROPPING amulet of magic regeneration.
 18729 | D:12     | 18729 ||| READING 10 scrolls of identify.
 18729 | D:12     | 18729 ||| IDENTIFYING bubbling yellow potion
 18790 | D:13     | 18790 ||| INVOKING Heroism.
 18791 | D:13     | 18791 ||| INVOKING Finesse.
 18888 | D:13     | 18888 ||| INVOKING Heroism.
 18890 | D:13     | 18890 ||| SWAPPING to +3 morningstar.
 18898 | D:13     | 18898 ||| SWAPPING to +4 heavy war axe.
 19027 | D:13     | 19027 ||| Stepping ~*~*~tactically~*~*~ (stealth).
 19053 | D:13     | 19053 ||| Stepping ~*~*~tactically~*~*~ (hiding).
 19060 | D:13     | Reached skill level 12 in Fighting
 19213 | D:13     | 19213 ||| Stepping ~*~*~tactically~*~*~ (stealth).
 19375 | D:13     | 19375 ||| INVOKING Heroism.
 19473 | D:13     | 19473 ||| Stepping ~*~*~tactically~*~*~ (hiding).
 19474 | D:13     | 19474 ||| Stepping ~*~*~tactically~*~*~ (hiding).
 19475 | D:13     | 19475 ||| Stepping ~*~*~tactically~*~*~ (hiding).
 19489 | D:13     | 19489 ||| Stepping ~*~*~tactically~*~*~ (stealth).
 19492 | D:13     | 19492 ||| Stepping ~*~*~tactically~*~*~ (hiding).
 19772 | D:13     | 19772 ||| Stepping ~*~*~tactically~*~*~ (hiding).
 19774 | D:13     | 19774 ||| Stepping ~*~*~tactically~*~*~ (hiding).
 19775 | D:13     | 19775 ||| INVOKING Heroism.
 19776 | D:13     | 19776 ||| INVOKING Finesse.
 19783 | D:13     | Received a gift from Okawaru
 19875 | D:14     | Found a gate to the Vaults.
 19882 | D:14     | 19882 ||| INVOKING Heroism.
 19890 | D:14     | HP: 18/92 [vault guard/+0 war axe (11)]
 19891 | D:14     | 19891 ||| READING 7 scrolls of teleportation.
 19892 | D:14     | 19892 ||| DRINKING 6 potions of heal wounds.
 20268 | D:14     | Received a gift from Okawaru
 20277 | D:14     | 20277 ||| Stepping ~*~*~tactically~*~*~ (hiding).
 20300 | D:14     | 20300 ||| Stepping ~*~*~tactically~*~*~ (hiding).
 20316 | D:14     | 20316 ||| Stepping ~*~*~tactically~*~*~ (hiding).
 20324 | D:14     | 20324 ||| Stepping ~*~*~tactically~*~*~ (stealth).
 20326 | D:14     | 20326 ||| INVOKING Heroism.
 20340 | D:14     | 20340 ||| Stepping ~*~*~tactically~*~*~ (hiding).
 20352 | D:14     | Reached skill level 16 in Axes
 20715 | D:14     | 20715 ||| INVOKING Heroism.
 20716 | D:14     | 20716 ||| INVOKING Finesse.
 20733 | D:14     | Reached XP level 15. HP: 71/96 MP: 15/22
 20829 | D:14     | 20829 ||| FLEEEEING.
 20830 | D:14     | 20830 ||| FLEEEEING.
 20831 | D:14     | 20831 ||| FLEEEEING.
 20832 | D:14     | 20832 ||| FLEEEEING.
 20833 | D:14     | 20833 ||| FLEEEEING.
 20834 | D:14     | 20834 ||| FLEEEEING.
 20837 | D:14     | 20837 ||| FLEEEEING.
 20838 | D:14     | 20838 ||| FLEEEEING.
 20842 | D:14     | 20842 ||| FLEEEEING.
 20843 | D:14     | 20843 ||| FLEEEEING.
 20844 | D:14     | 20844 ||| FLEEEEING.
 20846 | D:14     | 20846 ||| FLEEEEING.
 20847 | D:14     | 20847 ||| FLEEEEING.
 20848 | D:14     | 20848 ||| STAIRDANCE
 20884 | D:13     | 20884 ||| UPGRADING to +0 tower shield.
 20894 | D:13     | 20894 ||| DROPPING +0 buckler.
 20901 | D:14     | 20901 ||| STAIRDANCE
 21223 | D:14     | 21223 ||| INVOKING Heroism.
 21224 | D:14     | 21224 ||| INVOKING Finesse.
 21228 | D:14     | Reached skill level 9 in Shields
 21481 | D:15     | Entered Level 15 of the Dungeon
 21633 | D:15     | 21633 ||| FLEEEEING.
 21634 | D:15     | 21634 ||| FLEEEEING.
 21645 | D:15     | 21645 ||| Stepping ~*~*~tactically~*~*~ (hiding).
 21655 | D:15     | 21655 ||| INVOKING Heroism.
 21848 | D:15     | 21848 ||| Stepping ~*~*~tactically~*~*~ (stealth).
 21856 | D:15     | 21856 ||| Stepping ~*~*~tactically~*~*~ (stealth).
 21858 | D:15     | 21858 ||| Stepping ~*~*~tactically~*~*~ (stealth).
 21859 | D:15     | 21859 ||| Stepping ~*~*~tactically~*~*~ (stealth).
 21881 | D:15     | Received a gift from Okawaru
 21993 | D:15     | 21993 ||| INVOKING Heroism.
 22014 | D:15     | Found a staircase to the Depths.
 22212 | D:15     | 22212 ||| INVOKING Heroism.
 22246 | D:15     | 22246 ||| PLANNING ORC
 22356 | Orc:1    | Entered Level 1 of the Orcish Mines
 22399 | Orc:1    | 22399 ||| FLEEEEING.
 22400 | Orc:1    | 22400 ||| FLEEEEING.
 22401 | Orc:1    | 22401 ||| FLEEEEING.
 22402 | Orc:1    | 22402 ||| STAIRDANCE
 22478 | Orc:1    | 22478 ||| INVOKING Heroism.
 22528 | Orc:1    | 22528 ||| INVOKING Heroism.
 22528 | Orc:1    | Paralysed by an orc sorcerer for 3 turns
 22593 | Orc:1    | 22593 ||| Stepping ~*~*~tactically~*~*~ (stealth).
 22841 | Orc:1    | Noticed an orc warlord
 22867 | Orc:1    | 22867 ||| INVOKING Heroism.
 22890 | Orc:1    | Killed an orc warlord
 23063 | Orc:2    | Entered Level 2 of the Orcish Mines
 23064 | Orc:2    | 23064 ||| INVOKING Heroism.
 23098 | Orc:2    | 23098 ||| DRINKING 11 potions of curing.
 23098 | Orc:2    | 23098 ||| (to cure confusion)
 23252 | Orc:2    | Found a staircase to the Elven Halls.
 23258 | Orc:2    | 23258 ||| Stepping ~*~*~tactically~*~*~ (hiding).
 23267 | Orc:2    | 23267 ||| Stepping ~*~*~tactically~*~*~ (stealth).
 23271 | Orc:2    | Noticed Azrael
 23272 | Orc:2    | 23272 ||| INVOKING Heroism.
 23284 | Orc:2    | Killed Azrael
 23285 | Orc:2    | Reached skill level 12 in Shields
 23382 | Orc:2    | 23382 ||| FLEEEEING.
 23671 | Orc:2    | 23671 ||| Stepping ~*~*~tactically~*~*~ (hiding).
 23688 | Orc:2    | 23688 ||| INVOKING Heroism.
 23697 | Orc:2    | HP: 20/96 [orc warrior/+0 trident (5)]
 23698 | Orc:2    | 23698 ||| READING 6 scrolls of teleportation.
 23699 | Orc:2    | 23699 ||| DRINKING 8 potions of heal wounds.
 23742 | Orc:2    | Noticed Jorgrun
 23743 | Orc:2    | 23743 ||| Stepping ~*~*~tactically~*~*~ (stealth).
 23744 | Orc:2    | 23744 ||| Stepping ~*~*~tactically~*~*~ (stealth).
 23778 | Orc:2    | 23778 ||| Stepping ~*~*~tactically~*~*~ (stealth).
 23779 | Orc:2    | 23779 ||| Stepping ~*~*~tactically~*~*~ (stealth).
 23780 | Orc:2    | 23780 ||| INVOKING Heroism.
 23784 | Orc:2    | HP: 17/96 [constriction (14)]
 23785 | Orc:2    | 23785 ||| READING 5 scrolls of teleportation.
 23786 | Orc:2    | 23786 ||| DRINKING 7 potions of heal wounds.
 24071 | Orc:2    | 24071 ||| Stepping ~*~*~tactically~*~*~ (hiding).
 24073 | Orc:2    | Noticed Rupert
 24074 | Orc:2    | 24074 ||| Stepping ~*~*~tactically~*~*~ (hiding).
 24079 | Orc:2    | 24079 ||| INVOKING Heroism.
 24080 | Orc:2    | Paralysed by Rupert for 3 turns
 24087 | Orc:2    | HP: 21/96 [Rupert/+6 heavy great sword (16)]
 24088 | Orc:2    | 24088 ||| READING 4 scrolls of teleportation.
 24089 | Orc:2    | 24089 ||| DRINKING 6 potions of heal wounds.
 24268 | Orc:2    | 24268 ||| Stepping ~*~*~tactically~*~*~ (stealth).
 24269 | Orc:2    | 24269 ||| Stepping ~*~*~tactically~*~*~ (stealth).
 24270 | Orc:2    | 24270 ||| Stepping ~*~*~tactically~*~*~ (stealth).
 24271 | Orc:2    | 24271 ||| Stepping ~*~*~tactically~*~*~ (stealth).
 24272 | Orc:2    | 24272 ||| Stepping ~*~*~tactically~*~*~ (stealth).
 24276 | Orc:2    | 24276 ||| Stepping ~*~*~tactically~*~*~ (hiding).
 24277 | Orc:2    | 24277 ||| Stepping ~*~*~tactically~*~*~ (hiding).
 24282 | Orc:2    | 24282 ||| INVOKING Heroism.
 24324 | Orc:2    | 24324 ||| INVOKING Heroism.
 24332 | Orc:2    | HP: 8/96 [Rupert/+6 heavy great sword (36)]
 24333 | Orc:2    | 24333 ||| READING 3 scrolls of teleportation.
 24333 | Orc:2    | Demolished by an orc knight

Levels and vault maps discovered:
D:1:      dpeg_arrival_round_a, layout_loops_ring,
          shapermc_ecumenical_altar_notcrosses, serial_shops, shop, shop, shop,
          grunt_decor_cap
D:2:      layout_loops_cross
D:3:      layout_rooms, gammafunk_ghost_mausoleum
D:4:      layout_cave_pools, mainiacjoe_overflow_alcove_1,
          minmay_temple_entry_glassed_door
D:5:      layout_rooms, cheibrodos_sewer_entry_drain, uniq_grinder
D:6:      minmay_angry_zag, layout_basic, minivault_22, amethyst_killhole,
          skrybe_limestone_x
D:7:      cheibrodos_barr_body, layout_layer_cave,
          nicolae_overflow_hidden_temple
D:8:      layout_rooms, serial_co_window_serial, co_window_of_opportunity_a,
          co_window_paths_b, co_window_corner_a, co_window_paths_b,
          co_window_paths_a, co_window_broadway_c, co_window_2corner,
          co_window_broadway_c, co_window_corner_b, co_window_corner_b,
          co_window_paths_e, glass_columns_a, glass_columns_b, glass_columns_a
D:9:      layout_irregular_city
D:10:     layout_cave_pods, serial_glass, glass_columns_b, glass_columns_a,
          uniq_nergalle
D:11:     layout_loops_ring, erik_lair_island, uniq_erica, uniq_lodul
D:12:     layout_stronghold, orc_0_dummy, lemuel_flamethrower_3
D:13:     layout_roguey
D:14:     layout_loops_corners, lightli_vaults_fourway_checkpoint,
          kennysheep_crisscross
D:15:     grunt_enter_depths_magical_seal, layout_basic
Temple:   regret_index_temple_chain_breaker
Lair:1:   layout_gridlike, beast_lair_carwin_7
Lair:2:   layout_cave_pods, nicolae_swamp_entry_splash_gauntlet,
          minmay_snake_entry_six_corridors, serial_bayou_shore_a, uniq_maggie,
          uniq_harold, uniq_sonja
Lair:3:   layout_roguey, serial_bayou_lagoon_a, minivault_11
Lair:4:   onia_ninara_swampy_vault, layout_layer_cave, uniq_kirke
Lair:5:   wormcave, layout_regular_city, hangedman_lair_caniforms_friends,
          dpeg_slime_entry_enclosed
Orc:1:    cheibrodos_orc_arena, layout_caves, basic_altar
Orc:2:    st_orc_pillars, layout_caves, uniq_rupert, uniq_azrael, uniq_jorgrun

Skill      XL: |  1  2  3  4  5  6  7  8  9 10 11 12 13 14 15 |
---------------+----------------------------------------------+-----
Axes           | 2 3 5 6 7 8 9 11 12 13 14 16 | 16.0
Fighting       | 4 6 7 8 9 10 11 12 | 12.0
Dodging        | 1 2 3 |  3.0
Invocations    | 1 4 5 10 | 10.0
Armour         | 4 5 7 9 10 11 | 11.1
Shields        | 4 5 6 7 8 13 | 13.0
Throwing       | 1 3 4 5 6 |  6.0

Action                     |  1- 3 |  4- 6 |  7- 9 | 10-12 | 13-15 || total
---------------------------+-------+-------+-------+-------+-------++-------
  Melee: War axe           |    89 |   128 |   209 |   381 |   769 ||  1576
         Headbutt          |       |       |     7 |    67 |   150 ||   224
         Morningstar       |       |       |       |       |    19 ||    19
  Throw: Boomerang         |       |    46 |    28 |   101 |   154 ||   329
         Javelin           |       |       |       |    28 |    74 ||   102
 Invoke: Heroism           |       |       |     7 |    33 |    39 ||    79
         Finesse           |       |       |       |       |     6 ||     6
    Use: Scroll            |     5 |     6 |    10 |     8 |     7 ||    36
         Potion            |     1 |     2 |     1 |     2 |     5 ||    11
 Armour: Scale mail        |    17 |       |       |       |       ||    17
         Chain mail        |    26 |   102 |   136 |    33 |       ||   297
         Plate armour      |       |       |       |   293 |   588 ||   881
  Dodge: Dodged            |    28 |    56 |   105 |   183 |   284 ||   656
  Block: Buckler           |    15 |    37 |    57 |   131 |   163 ||   403
         Tower shield      |       |       |       |       |   293 ||   293

Table legend:
 A = Non-vault XP
 B = Vault XP
 C = Vault XP percentage of total XP
 D = Non-vault monster count
 E = Vault monster count
 F = Vault count percentage of total count
                 A         B        C        D         E       F
            +---------+---------+-------+---------+---------+-------
      Total |   65044 |   52580 |  44.7 |     440 |     248 |  36.0
            +---------+---------+-------+---------+---------+-------
        D:1 |      31 |       0 |   0.0 |      19 |       0 |   0.0
        D:2 |     209 |       0 |   0.0 |      27 |       0 |   0.0
        D:3 |      39 |       0 |   0.0 |      17 |       0 |   0.0
        D:4 |     306 |       2 |   0.6 |      16 |       1 |   5.9
        D:5 |    1232 |     291 |  19.1 |      32 |       4 |  11.1
        D:6 |    1164 |     119 |   9.3 |      18 |       5 |  21.7
        D:7 |    1660 |    1450 |  46.6 |      26 |      13 |  33.3
        D:8 |    1516 |       0 |   0.0 |      33 |       0 |   0.0
        D:9 |    2213 |       0 |   0.0 |      26 |       0 |   0.0
       D:10 |    2689 |     785 |  22.6 |      19 |       1 |   5.0
       D:11 |    3455 |    3325 |  49.0 |      11 |      17 |  60.7
       D:12 |    3672 |       0 |   0.0 |      13 |       0 |   0.0
       D:13 |    7148 |       0 |   0.0 |      18 |       0 |   0.0
       D:14 |    7092 |    8092 |  53.3 |      16 |      12 |  42.9
       D:15 |    5342 |    3613 |  40.3 |      12 |       8 |  40.0
     Lair:1 |    2349 |    1003 |  29.9 |      11 |       6 |  35.3
     Lair:2 |    2518 |    6918 |  73.3 |      13 |      20 |  60.6
     Lair:3 |    3938 |       0 |   0.0 |      19 |       0 |   0.0
     Lair:4 |    3983 |    5487 |  57.9 |      17 |      14 |  45.2
     Lair:5 |    8442 |   10034 |  54.3 |      31 |      56 |  64.4
      Orc:1 |    3680 |    2526 |  40.7 |      16 |      17 |  51.5
      Orc:2 |    2366 |    8879 |  79.0 |      30 |      55 |  64.7
      Sewer |       0 |      56 | 100.0 |       0 |      19 | 100.0
            +---------+---------+-------+---------+---------+-------
